 Dungeon Crawl Stone Soup version 0.25.1-2-g60ff931df9 (webtiles) character file.

Game seed: 10350405019831921053

0 MajorAdolf the Chopper (level 1, -2/19 HPs)
             Began as a Naga Wanderer on Oct 8, 2020.
             Slain by a gnoll
             ... wielding a +0 club
              (9 damage)
             ... on level 1 of the Dungeon.
             The game lasted 00:00:14 (54 turns).

MajorAdolf the Chopper (Naga Wanderer)                Turns: 54, Time: 00:00:14

Health: -2/19      AC:  1    Str: 16    XL:     1   Next: 10%
Magic:  2/2        EV:  9    Int: 12    God:
Gold:   0          SH:  0    Dex:  8    Spells: 1/2 levels left

rFire    . . .     SeeInvis +   a - +0 mace
rCold    . . .     Gourm    .   (no shield)
rNeg     . . .     Faith    .   d - +0 robe
rPois    +         Spirit   .   (no helmet)
rElec    .         Reflect  .   (no cloak)
rCorr    .         Harm     .   (no gloves)
MR       .....                  (no barding)
Stlth    ++........             (no amulet)
HPRegen  0.06/turn              (no ring)
MPRegen  0.08/turn              (no ring)

@: short of breath, very slow
A: large, see invisible, deformed body, poison resistance, slowness 2, slow
metabolism 1, spit poison 1, AC +0
a: Spit Poison


You were on level 1 of the Dungeon.
You were not hungry.

You visited 1 branch of the dungeon, and saw 1 of its levels.

Inventory:

Hand Weapons
 a - a +0 mace (weapon)
Armour
 d - a +0 robe (worn)
Potions
 c - 2 potions of curing
Comestibles
 f - a ration


   Skills:
 - Level 2.0 Fighting
   Level 2.0 Axes
 - Level 1.0 Throwing
 - Level 1.0 Armour
 + Level 1.7 Stealth
 - Level 1.0 Spellcasting
 - Level 1.0 Hexes
   Level 1.3 Poison Magic


You had one spell level left.
You knew the following spells:

 Your Spells              Type           Power        Failure   Level  Hunger
a - Corona                Hex            #......      21%         1    ##.....

Your spell library contained the following spells:

 Spells                   Type           Power        Failure   Level  Hunger
 Ensorcelled Hibernation  Hex/Ice        #.....       36%         2    ###....
 Confusing Touch          Hex            #.......     52%         3    ####...
 Tukima's Dance           Hex            #.......     52%         3    ####...
 Dazzling Flash           Conj/Hex       #.....       58%         3    ####...


Dungeon Overview and Level Annotations

Branches:
Dungeon (1/15)

Altars:


Innate Abilities, Weirdness & Mutations

You cannot wear boots.
Your serpentine skin is tough. (AC +0)
You have supernaturally acute eyesight. (SInv)
Armour fits poorly on your strangely shaped body.
Your system is resistant to poisons. (rPois)
You cover ground very slowly.
You have a slow metabolism.
You can spit poison.


Message History

The gnoll picks up a scroll labeled KEUPSO MEKHI.
The rat closely misses you.
You closely miss the rat. The rat closely misses you.
You hit the gnoll.
The gnoll is moderately wounded.
The rat bites you. The gnoll barely misses you. The rat bites you.
Press: ? - help, Shift-Dir - straight line, f - gnoll
Aim: a gnoll, wielding a +0 club (moderately wounded)
The splash of poison misses the gnoll.
You feel slightly more hungry. The gnoll hits you with a +0 club.
The rat barely misses you. The gnoll hits you but does no damage.
You have got your breath back.
Press: ? - help, Shift-Dir - straight line, f/p - gnoll
Aim: a gnoll, wielding a +0 club (moderately wounded)
The splash of poison misses the gnoll.
The splash of poison hits the rat.
The rat is poisoned.
You kill the rat!
You feel slightly more hungry. The gnoll hits you with a +0 club.
The gnoll hits you with a +0 club!
You die...

### ###################### .
....#.......#...##.#..#..#
..#...#....#@...##.#..##..##
#.. #...###g..##...#.#..#..#
##.. #...#.#....##.###...###
.8... #...#..)#..#...#.##
......##†##..#...#.######
............#...#.##
.8......##......##.# ##
##.....#..#.).#..#.# #.
#....#. .##..#...##.# #.# #


You could see a gnoll.

Vanquished Creatures
  A rat (D:1)
1 creature vanquished.

Notes
Turn   | Place    | Note
-------+----------+-------------------------------------------
     0 | D:1      | MajorAdolf the Naga Wanderer began the quest for the Orb.
     0 | D:1      | MajorAdolf set off with the following items: a +0 mace, a
                  | potion of curing, a +0 robe, a ration; and the following
                  | spell memorised: Corona; and the following spells available
                  | to memorise: Ensorcelled Hibernation, Confusing Touch,
                  | Tukima's Dance, Dazzling Flash
     0 | D:1      | Reached XP level 1. HP: 19/19 MP: 2/2
    54 | D:1      | Slain by a gnoll

Illustrated notes

Levels and vault maps discovered:
D:1:      erik_arrival_cave_to_civilisation [erik_arrival_cave_to_temple],
          layout_basic, minmay_misc_feat_tiny, minmay_stone_trees_small,
          minmay_misc_feat_tower, ashenzari_altar_1

Action                   || total
-------------------------++-------
Melee: Mace              ||     2
 Abil: Spit Poison       ||     2
Dodge: Dodged            ||     4
